 Dungeon Crawl Stone Soup version 0.32-a0-961-gd60f5e5fc7 (webtiles) character file.

Game seed: 6410564132826194602

217 BubbleThief the Apothecary (level 5, -12/42 HPs)
             Began as a Naga Alchemist on Apr 17, 2024.
             Mangled by a sleepcap (13 damage)
             ... on level 4 of the Dungeon on Apr 18, 2024.
             The game lasted 00:06:34 (2773 turns).

BubbleThief the Apothecary (Naga Alchemist)         Turns: 2773, Time: 00:06:34

Health: -12/42     AC:  3    Str: 10    XL:     5   Next: 94%
Magic:  10/11      EV:  1    Int: 18    God:
Gold:   80         SH:  0    Dex: 11    Spells: 4/12 levels left

rFire   . . .        o - +2 short sword (venom)
rCold   . . .        (no shield)
rNeg    . . .        a - +0 robe
rPois   +            m - +0 helmet
rElec   .            (no cloak)
rCorr   .            (no gloves)
SInv    +            (no barding)
Will    .....        (no amulet)
Stlth   ++           (no ring)
HPRegen 0.27/turn    (no ring)
MPRegen 0.12/turn

%: no passive effects
@: sleeping, very slow
A: AC +1, large, see invisible, deformed body, poison resistance, slowness 2,
spit poison 1, naga tail 1
a: Spit Poison


You were on level 4 of the Dungeon.
You visited 1 branch of the dungeon, and saw 4 of its levels.

You collected 80 gold pieces.

Inventory:

Hand Weapons
 h - a +2 dagger of protection
 o - a +2 short sword of venom (weapon)
Armour
 a - a +0 robe (worn)
 f - a +0 leather armour of positive energy
 m - a +0 helmet (worn)
Wands
 p - a wand of flame (15)
Scrolls
 c - 7 scrolls of identify {unknown}
 d - 3 scrolls of teleportation {unknown}
 e - a scroll of amnesia {unknown}
 g - a scroll of noise {unknown}
 i - a scroll of fear {unknown}
 r - a scroll of revelation {unknown}
 s - a scroll of immolation {unknown}
Potions
 b - a potion of magic
 j - 3 potions of lignification {unknown}
 k - 2 potions of berserk rage {unknown}
 l - a potion of haste {unknown}
 n - a potion of enlightenment {unknown}
 q - a potion of resistance {unknown}


   Skills:
 - Level 1.5 Dodging
 - Level 3.0 Stealth
 + Level 4.1 Spellcasting
 - Level 1.0 Conjurations
 + Level 6.0 Alchemy


You had 4 spell levels left.
You knew the following spells:

 Your Spells              Type           Power      Damage    Failure   Level
a - Sting                 Conj/Alch      64%        1d7       3%          1
b - Mephitic Cloud        Conj/Alch/Air  12%        N/A       17%         3
c - Olgreb's Toxic Radia  Alch           25%        N/A       12%         4

Your spell library contained the following spells:

 Spells                   Type           Power      Damage    Failure   Level
 Mercury Vapours          Alch/Air       28%        N/A       6%          2
 Foxfire                  Conj/Fire      20%        2x1d5     12%         1
 Ensorcelled Hibernation  Hex/Ice        6%         N/A       22%         2
 Sticky Flame             Fire/Alch      14%        2d5       38%         4
 Passwall                 Erth           3%         N/A       41%         3
 Swiftness                Air            3%         N/A       41%         3
 Teleport Other           Tloc           3%         N/A       41%         3
 Dispersal                Tloc           1%         N/A       100%        6
 Gell's Gavotte           Tloc           1%         2d(12-17) 100%        6
 Plasma Beam              Fire/Air       1%         2x1d11    100%        6
 Starburst                Conj/Fire      2%         6d3       100%        6


Dungeon Overview and Level Annotations

Branches:
Dungeon (4/15)
 Temple: D:4-7

Altars:
Gozag

Annotations:
D:3 4 runed translucent doors, Crazy Yiuf; dirtblock2017's ghost, amateur OpFi


Innate Abilities, Weirdness & Mutations

Your serpentine skin is tough. (AC +1)
You have supernaturally acute eyesight. (SInv)
Armour fits poorly on your strangely shaped body.
Your system is resistant to poisons. (rPois)
You cover ground very slowly.
You can spit poison.
You have a snake-like lower body.


Message History

Aim: a sleepcap (lightly damaged, very poisoned, 100% to hit)
The sting hits the sleepcap.
The sleepcap partially resists.
The sleepcap looks even sicker.
The sleepcap is lightly damaged.
You hit the sleepcap but do no damage.
The sleepcap is lightly damaged.
You have got your breath back.
The sleepcap releases spores at you.
You are engulfed in a cloud of soporific spores!
You fall asleep.
The sleepcap releases spores at you.
You wake up.
You are engulfed in a cloud of soporific spores!
You are unaffected.
You hit the sleepcap but do no damage.
The sleepcap looks as sick as possible!
The sleepcap is moderately damaged.
The sleepcap releases spores at you!
You hit the sleepcap.
The sleepcap is heavily damaged.
The sleepcap releases spores at you.
Unknown command.
Unknown command.
You hit the sleepcap but do no damage.
The sleepcap is heavily damaged.
The sleepcap releases spores at you!
You are engulfed in a cloud of soporific spores!
You are unaffected.
Unknown command.
You hit the sleepcap.
The sleepcap is heavily damaged.
The sleepcap releases spores at you.
* * * LOW HITPOINT WARNING * * *
Unknown command.
You hit the sleepcap but do no damage.
The sleepcap looks as sick as possible!
The sleepcap is heavily damaged.
The sleepcap releases spores at you!
* * * LOW HITPOINT WARNING * * *
You are engulfed in a cloud of soporific spores!
You fall asleep.
The sleepcap releases spores at you!
You die...

#### #...# #...#
###
###...#######...#
#........(....#
####.######.@f...#
#......†...<..####
#.##.########.#
#....# .#
#..####.# >.
###......... .#.
#....####... .#.
#....# .. # #$...#


You could see a sleepcap (extremely poisoned).

Vanquished Creatures
  Jessica (D:3)
  Terence (D:3)
  Natasha (twice) (D:3)
  A gnoll (D:1)
  3 adders
  4 dart slugs
  A ribbon worm (D:3)
  An orc (D:3)
  5 bats
  6 endoplasms
  3 giant cockroaches
  7 goblins
  10 hobgoblins
  6 kobolds
  5 quokkas
  3 ball pythons
  3 frilled lizards
  8 rats
70 creatures vanquished.

Notes
Turn   | Place    | Note
-------+----------+-------------------------------------------
     0 | D:1      | BubbleThief the Naga Alchemist began the quest for the Orb.
     0 | D:1      | Reached XP level 1. HP: 15/15 MP: 3/3
   200 | D:1      | Reached skill level 4 in Alchemy
   200 | D:1      | Reached XP level 2. HP: 22/22 MP: 5/5
   343 | D:1      | Reached XP level 3. HP: 28/28 MP: 3/6
  1108 | D:2      | Learned a level 3 spell: Mephitic Cloud
  1138 | D:2      | Reached XP level 4. HP: 36/36 MP: 8/8
  1143 | D:2      | Learned a level 4 spell: Olgreb's Toxic Radiance
  1597 | D:2      | Reached skill level 5 in Alchemy
  2005 | D:3      | Noticed Terence
  2014 | D:3      | Killed Terence
  2217 | D:3      | Reached XP level 5. HP: 42/42 MP: 6/10
  2292 | D:3      | Found a runed translucent gate.
  2309 | D:3      | Found a runed translucent door.
  2310 | D:3      | Noticed Crazy Yiuf
  2332 | D:3      | Found a runed translucent gate.
  2332 | D:3      | Found an opulent altar of Gozag.
  2333 | D:3      | Found a runed translucent gate.
  2335 | D:3      | Noticed dirtblock2017's ghost (amateur OpFi)
  2335 | D:3      | Noticed an orc warrior
  2480 | D:3      | Noticed Natasha
  2486 | D:3      | Killed Natasha
  2499 | D:3      | Noticed Jessica
  2502 | D:3      | Killed Jessica
  2565 | D:3      | Noticed Natasha
  2576 | D:3      | Killed Natasha
  2577 | D:3      | Reached skill level 6 in Alchemy
  2729 | D:4      | Noticed a centaur
  2772 | D:4      | HP: 1/42 [sleepcap (7)]
  2773 | D:4      | Mangled by a sleepcap

Illustrated notes

Levels and vault maps discovered:
D:1:      evilmike_arrival_plus, layout_loops_ring, st_stairs_10
D:2:      layout_loops_ring
D:3:      layout_loops_ring, ebering_ghost_gozag, uniq_jessica, uniq_natasha,
          uniq_terence, uniq_crazy_yiuf_cottage
D:4:      layout_basic, temple_statues

Skill      XL: |  1  2  3  4  5 |
---------------+----------------+-----
Alchemy        | 4 5 6 |  6.0
Spellcasting   | 3 4 |  4.1
Dodging        | |  1.5
Stealth        | |  3.0
Conjurations   | |  1.0

Action                     |  1- 3 |  4- 6 || total
---------------------------+-------+-------++-------
  Melee: Unarmed           |     4 |       ||     4
         Dagger            |     1 |     1 ||     2
         Short sword       |       |    20 ||    20
   Cast: Sting             |    40 |    32 ||    72
         Mephitic Cloud    |       |     2 ||     2
         Olgreb's Toxic Ra |       |     1 ||     1
Ability: Spit Poison       |    31 |    34 ||    65
   Stab: Confused          |       |     1 ||     1
 Armour: Robe              |    17 |    31 ||    48
  Dodge: Dodged            |    11 |    18 ||    29

Table legend: (Time is in decaauts)
 A = Elapsed time spent in this place.
 B = Non-inter-level travel time spent in this place.
 C = Inter-level travel time spent in this place.
 D = Time resting spent in this place.
 E = Time spent auto-exploring this place.
 F = Levels seen in this place.
 G = Mean time per level.
                   A        B        C        D        E       F      G
               +--------+--------+--------+--------+--------+-----+--------+
         Total |   3510 |   3400 |    110 |     32 |   2826 |   4 |  877.5 |
       Dungeon |   3510 |   3400 |    110 |     32 |   2826 |   4 |  877.5 |
               +--------+--------+--------+--------+--------+-----+--------+

Top non-repeatable levels by time:
     D:1: 1318 daAuts
     D:3: 1054 daAuts
     D:2: 1040 daAuts
     D:4: 97 daAuts
